 Dungeon Crawl Stone Soup version 0.21.0-25-ge575cb9 (webtiles) character file.

961 Goblin1989 the Chopper (level 8, -2/74 HPs)
             Began as a Naga Berserker on Jan 26, 2018.
             Was a Believer of Trog.
             Slain by a yak (14 damage)
             ... on level 4 of the Dungeon.
             The game lasted 00:07:09 (4764 turns).

Goblin1989 the Chopper (Naga Berserker)             Turns: 4764, Time: 00:07:10

Health: -2/74      AC:  7    Str: 21    XL:     8   Next: 15%
Magic:  8/8        EV: 10    Int:  8    God:    Trog [**....]
Gold:   184        SH:  0    Dex: 11    Spells: 7/7 levels left

rFire    . . .     SeeInvis +   a - +0 hand axe
rCold    . . .     Gourm    .   (no shield)
rNeg     . . .     Faith    .   i - +0 ring mail
rPois    +         Spirit   .   (no helmet)
rElec    .         Reflect  .   q - +0 cloak
rCorr    .         Harm     .   (no gloves)
MR       +++..                  (no barding)
Stlth    +.........             (no amulet)
HPRegen  1.22/turn              (no ring)
MPRegen  0.11/turn              (no ring)

@: berserk cooldown, regenerating, slowed, very slow
A: large, see invisible, deformed body, poison resistance, slowness 2, slow
metabolism 1, spit poison 1, AC +2
a: Spit Poison, Berserk, Trog's Hand, Burn Spellbooks, Renounce Religion


You were on level 4 of the Dungeon.
You worshipped Trog.
Trog was pleased with you.
You were very hungry.

You visited 1 branch of the dungeon, and saw 4 of its levels.

You collected 184 gold pieces.

Inventory:

Hand Weapons
 a - a +0 hand axe (weapon)
Armour
 i - a +0 ring mail (worn)
 n - a +0 plate armour
 q - a +0 cloak (worn)
Scrolls
 h - 4 scrolls of remove curse {unknown}
 k - a scroll of enchant weapon {unknown}
 l - a scroll of fear {unknown}
 m - 2 scrolls of identify {unknown}
 p - a scroll of fog {unknown}
 r - 2 scrolls of teleportation {unknown}
 y - a scroll of amnesia {unknown}
 z - a scroll of random uselessness {unknown}
Potions
 f - a potion of brilliance {unknown}
 o - a potion of ambrosia {unknown}
 t - 2 potions of haste {unknown}
 B - a potion of curing {unknown}
 C - a potion of lignification {unknown}
 D - a potion of might {unknown}
Comestibles
 e - 6 rations


   Skills:
 + Level 5.0 Fighting
 * Level 6.5 Axes
 + Level 3.6 Armour
 + Level 3.6 Dodging


You had 7 spell levels left.
You didn't know any spells.

Dungeon Overview and Level Annotations

Branches:
Dungeon (4/15)
 Temple: D:4-7

Altars:
Hepliaklqana
Nemelex Xobeh
Okawaru
Qazlal
Ru
Vehumet
The Shining One


Innate Abilities, Weirdness & Mutations

You cannot wear boots.
Your serpentine skin is tough. (AC +2)
You have supernaturally acute eyesight. (SInv)
Armour fits poorly on your strangely shaped body.
Your system is resistant to poisons. (rPois)
You cover ground very slowly.
You have a slow metabolism.
You can spit poison.


Message History

You feel yourself moving faster!
You feel mighty!
You are feeling hungry.
The orc wizard mumbles some strange words.
The orc wizard blinks!
The yak gores you!
A yak and an orc come into view.
You now have 75/99 hp.
You closely miss the yak. You slash the yak!
The yak is moderately wounded.
The yak gores you!
You take 8 damage, and have 68/99 hp.
You slash the yak!
The yak is severely wounded.
The yak gores you!
You take 8 damage, and have 60/99 hp.
You hit the yak.
The yak is severely wounded.
You slash the yak!
The yak is almost dead.
You hit the yak.
The yak is lightly wounded.
You slash the yak!
The yak is heavily wounded.
The yak barely misses you.
You slash the yak!
The yak is almost dead.
You slash the yak!
You kill the yak!
Trog accepts your kill.
You feel the effects of Trog's Hand fading.
You slash the yak!
You kill the yak!
Trog accepts your kill.
Your Axes skill increases to level 6!
Unknown command.
Unknown command.
The yak misses you.
The orc hits you from afar with a trident.
You hit the yak.
The yak is lightly wounded.
The yak barely misses you. The orc hits you but does no damage.
You slash the yak!
The yak is moderately wounded.
The yak closely misses you. The orc hits you but does no damage.
You hit the yak.
The yak is heavily wounded.
The yak barely misses you.
You slash the yak!
The yak is severely wounded.
The orc wizard mumbles some strange words.
The orc wizard blinks!
The orc hits you but does no damage.
You slash the yak!
You kill the yak!
Trog accepts your kill.
Your Fighting skill increases to level 5!
You have reached level 8!
You feel agile.
Your skin stops crawling.
You feel less resistant to hostile enchantments.
You regained 9 hp, and now have 78/111 hp.
MP restored: 8 You hit the yak.
The yak is lightly wounded.
The orc barely misses you.
You slash the yak!
The yak is moderately wounded.
The yak gores you! The orc closely misses you.
You take 13 damage, and have 65/111 hp.
You slash the yak!
The yak is severely wounded.
The yak gores you!
You take 11 damage, and have 54/111 hp.
You slash the yak!
The yak is almost dead.
The orc hits you from afar with a trident!
* * * LOW HITPOINT WARNING * * *
You take 7 damage, and have 47/111 hp.
You closely miss the yak.
The yak is almost dead.
You are no longer berserk.
You are exhausted.
You feel yourself slow down. The yak gores you.
* * * LOW HITPOINT WARNING * * *
You now have 27/74 hp.
You hit the yak but do no damage.
The yak is almost dead.
The orc hits you from afar with a trident.
* * * LOW HITPOINT WARNING * * *
The yak gores you.
* * * LOW HITPOINT WARNING * * *
The orc hits you from afar with a trident!
* * * LOW HITPOINT WARNING * * *
You take 14 damage, and have 13/74 hp.
Your skin crawls.
You feel resistant to hostile enchantments.
You are feeling very hungry.
The yak gores you.
* * * LOW HITPOINT WARNING * * *
The orc closely misses you. The yak gores you!
You die...

█..█ █...
████.███..█
█.........█
█.██.████.█████.█
█............█
██████.███████
█...█ ███.█ █@█


█Y█ oYo ..o.. █████.█ .█ .█ █ You could see 2 yaks, an orc wizard and 2 orcs.

Vanquished Creatures
  3 yaks (D:4)
  A centaur (D:4)
  An ogre (D:4)
  A bullfrog (D:2)
  A hound (D:4)
  A bullfrog skeleton (D:4)
  Crazy Yiuf (D:2)
  2 orc priests
  An orc wizard (D:4)
  A worker ant (D:4)
  4 adders
  An ooze (D:3)
  3 worms
  4 dart slugs
  3 leopard geckos
  6 orcs
  9 bats
  3 giant cockroaches
  7 goblins
  8 hobgoblins
  2 jackals (D:1)
  A ball python (D:1)
  5 frilled lizards
  7 kobolds
  4 rats
80 creatures vanquished.

Notes
Turn   | Place    | Note
-------+----------+-------------------------------------------
     0 | D:1      | Goblin1989 the Naga Berserker began the quest for the Orb.
     0 | D:1      | Reached XP level 1. HP: 21/21 MP: 1/1
   211 | D:1      | Reached XP level 2. HP: 20/28 MP: 2/2
  1000 | D:1      | Reached XP level 3. HP: 20/34 MP: 3/3
  1426 | D:2      | Noticed a bullfrog
  1436 | D:2      | Killed a bullfrog
  1436 | D:2      | Reached skill level 4 in Axes
  1436 | D:2      | Reached XP level 4. HP: 23/42 MP: 4/4
  1891 | D:2      | Reached ** piety under Trog
  2023 | D:2      | Reached XP level 5. HP: 41/49 MP: 5/5
  2255 | D:2      | Found a runed door.
  2607 | D:2      | Noticed Crazy Yiuf
  2612 | D:2      | Killed Crazy Yiuf
  2670 | D:3      | Found a sparkling altar of Nemelex Xobeh.
  2830 | D:3      | Found an iron altar of Okawaru.
  3310 | D:3      | Reached XP level 6. HP: 52/57 MP: 6/6
  3893 | D:4      | Found a stormy altar of Qazlal.
  3900 | D:4      | Reached skill level 5 in Axes
  3901 | D:4      | Found a sacrificial altar of Ru.
  3906 | D:4      | Found a radiant altar of Vehumet.
  3906 | D:4      | Found a glowing golden altar of the Shining One.
  4220 | D:4      | Found a hazy altar of Hepliaklqana.
  4298 | D:4      | Reached XP level 7. HP: 6/66 MP: 7/7
  4738 | D:4      | Noticed a yak
  4739 | D:4      | Noticed a yak
  4739 | D:4      | Noticed a yak
  4741 | D:4      | Noticed a yak
  4742 | D:4      | Noticed a yak
  4750 | D:4      | Killed a yak
  4751 | D:4      | Killed a yak
  4751 | D:4      | Reached skill level 6 in Axes
  4757 | D:4      | Killed a yak
  4757 | D:4      | Reached skill level 5 in Fighting
  4757 | D:4      | Reached XP level 8. HP: 74/74 MP: 8/8
  4764 | D:4      | Slain by a yak

Skill      XL: |  1  2  3  4  5  6  7 |
---------------+----------------------+-----
Axes           | 4 5 6 |  6.5
Armour         | 2 3 |  3.6
Dodging        | 2 3 |  3.6
Fighting       | 4 5 |  5.0

Action                   |  1- 3 |  4- 6 |  7- 9 || total
-------------------------+-------+-------+-------++-------
Melee: Hand axe          |    56 |   179 |    37 ||   272
Invok: Berserk           |     2 |     4 |     1 ||     7
       Trog's Hand       |       |     1 |     2 ||     3
 Abil: Spit Poison       |       |     1 |       ||     1
  Eat: Chunk             |     1 |     9 |     2 ||    12
       Ration            |       |     1 |       ||     1
Armor: Animal skin       |    23 |     1 |       ||    24
       Ring mail         |       |    62 |     9 ||    71
Dodge: Dodged            |    49 |    83 |    14 ||   146

Vault maps used:
D:1:      saegor_arrival_simple_d, st_stairs_7, minmay_crystal_water,
          minmay_tree_intersection
D:2:      uniq_crazy_yiuf_cottage
D:3:      old_standard_altar, nemelex_xobeh_ov_fountains_minmay
D:4:      kennysheep_mini, grunt_temple_overflow_open
